 Dungeon Crawl Stone Soup version 0.25.0-9-g26727b657a (webtiles) character file.

Game seed: 15628641600280857496

60 funshine the Chiller (level 4, 5/24 HPs)
             Began as a Gargoyle Ice Elementalist on June 21, 2020.
             Quit the game on level 3 of the Dungeon.
             The game lasted 00:12:14 (1675 turns).

funshine the Chiller (Gargoyle Ice Elementalist)    Turns: 1675, Time: 00:12:15

Health: 5/24       AC:  5    Str: 12    XL:     4   Next: 6%
Magic:  0/8        EV: 12    Int: 16    God:
Gold:   109        SH:  0    Dex: 10    Spells: 7/8 levels left

rFire    . . .     SeeInvis .   (no weapon)
rCold    . . .     Gourm    .   (no shield)
rNeg     + . .     Faith    .   a - +0 robe
rPois    ∞         Spirit   .   (no helmet)
rElec    +         Reflect  .   (no cloak)
rCorr    .         Harm     .   (no gloves)
MR       .....                  (no boots)
Stlth    ++........             (no amulet)
HPRegen  0.08/turn              (no ring)
MPRegen  0.11/turn              (no ring)

@: no status effects
A: negative energy resistance 1, electricity resistance, unbreathing,
petrification resistance, rot immunity, AC +3
a: no special abilities


You were on level 3 of the Dungeon.
You were not hungry.

You visited 1 branch of the dungeon, and saw 3 of its levels.

You collected 109 gold pieces.

Inventory:

Missiles
 h - 38 arrows
Armour
 a - a +0 robe (worn)
 f - a +0 robe
 g - a +0 robe
 j - a +0 robe
 k - a +1 ring mail of cold resistance
Scrolls
 b - a scroll of teleportation
 e - 2 scrolls of identify
Potions
 d - a potion of curing
 i - a potion of haste {unknown}
Comestibles
 c - 5 rations


   Skills:
 + Level 2.0 Dodging
 + Level 3.0 Stealth
 * Level 2.7 Spellcasting
 + Level 4.4 Ice Magic


You had 7 spell levels left.
You knew the following spells:

 Your Spells              Type           Power        Failure   Level  Hunger
a - Freeze                Ice            ###.         3%          1    #......

Your spell library contained the following spells:

 Spells                   Type           Power        Failure   Level  Hunger
 Frozen Ramparts          Ice            ###...       10%         3    ###....
 Ozocubu's Armour         Chrm/Ice       #.......     24%         3    ###....
 Hailstorm                Conj/Ice       #.......     61%         4    #####..
 Summon Ice Beast         Ice/Summ       #.......     61%         4    #####..


Dungeon Overview and Level Annotations

Branches:
Dungeon (3/15)

Altars:


Innate Abilities, Weirdness & Mutations

You are resistant to torment.
Your stone body is resilient. (AC +3)
You are immune to poison.
You resist negative energy. (rN+)
You are resistant to electric shocks. (rElec)
You can survive without breathing.
You are immune to petrification.
You are immune to rotting.


Message History

The slug dart hits you.
* * * LOW HITPOINT WARNING * * *
Casting: Freeze (safe; 3% risk of failure)
Confirm with . or Enter, or press ? or * to list all spells.
Aiming: Freeze (safe; 3% risk of failure)
Press: ? - help, Shift-Dir - straight line, f/p - adder
Aim: an adder (severely wounded)
You freeze the adder.
The adder is severely wounded.
The frilled lizard bites you but does no damage.
The adder bites you.
* * * LOW HITPOINT WARNING * * *
The dart slug launches a dart at you. The slug dart misses you.
Your movement speed is average.
Your attack speed is average.
Quiver which item? (- for none, * to show all) (? for menu, Esc to quit)
Okay, then.
Quiver which item? (- for none, * to show all) (? for menu, Esc to quit)
Okay, then.
Are you sure you want to abandon this character and quit the game? (Confirm with "yes".)

#w #. # #. #. .### ##
.##.... ... ..# .....#.
#.. ..# .# . .....###.#
.S# ..# ... ... ...# #.#
...## .....#.###.####.#
...8#
.......@SJ......##...##.
#.###bl##...........$...
#.. ####............ #..
##..$.......... ...
#.............. ....
#...#.........# .....
...#.<..†.....#
......###.#....†<..### #
#........#


You could see an ooze, an adder, a dart slug, a bat and a frilled lizard.

Vanquished Creatures
  2 adders
  2 worms (D:2)
  2 dart slugs (D:2)
  4 giant cockroaches
  2 hobgoblins
  4 kobolds
  A quokka (D:3)
  5 bats
  2 frilled lizards
  5 goblins
  8 rats
37 creatures vanquished.

Notes
Turn   | Place    | Note
-------+----------+-------------------------------------------
     0 | D:1      | funshine the Gargoyle Ice Elementalist began the quest for
                  | the Orb.
     0 | D:1      | Reached XP level 1. HP: 10/10 MP: 3/3
   126 | D:1      | Reached XP level 2. HP: 14/15 MP: 1/5
   697 | D:2      | Reached XP level 3. HP: 19/19 MP: 1/6
  1626 | D:3      | Reached XP level 4. HP: 24/24 MP: 1/8
  1675 | D:3      | Quit the game

Illustrated notes

Levels and vault maps discovered:
D:1:      lemuel_arrival_river_ford, layout_basic
D:2:      layout_loops_ring, serial_bayou, serial_bayou_lagoon_a,
          serial_bayou_pond_b, serial_bayou_pond_d, serial_bayou_pond_a,
          serial_bayou_ford_a, serial_bayou_shore_b
D:3:      layout_rooms, first_ration, serial_corexii_hall,
          corexii_hall_statues_i, corexii_hall_statues_t,
          chequers_ecumenical_altar_island, okawaru_altar_gauntlet_db,
          uniq_jessica

Skill      XL: |  1  2  3 |
---------------+----------+-----
Dodging        | 2 |  2.0
Stealth        | 3 |  3.0
Spellcasting   | |  2.7
Ice Magic      | |  4.4

Action                   |  1- 3 |  4- 6 || total
-------------------------+-------+-------++-------
Melee: Unarmed           |    63 |    10 ||    73
 Cast: Freeze            |    51 |     7 ||    58
  Use: Scroll            |     5 |       ||     5
  Eat: Ration            |     1 |       ||     1
       Chunk             |     1 |       ||     1
Armor: Robe              |    34 |    10 ||    44
Dodge: Dodged            |    70 |    15 ||    85
